[Event "III Copa Marcel Duchamp 2019"]
[Site "Montevideo"]
[Date "2019.02.11"]
[Round "4.5"]
[White "Muniz, Rafael"]
[Black "Hoffman, Alejandro"]
[Result "0-1"]
[ECO "B75"]
[WhiteElo "2250"]
[BlackElo "2461"]
[Annotator "ChessBase"]
[PlyCount "114"]
[EventDate "2019.02.09"]
[EventType "swiss"]
[EventCountry "URU"]
[SourceTitle "playchess.com"]
[Source "ChessBase"]
[SourceQuality "1"]
[TimeControl "5400+30"]

1. e4 c5 2. Nf3 d6 3. d4 cxd4 4. Nxd4 Nf6 5. Nc3 g6 6. Be3 Bg7 7. f3 a6 8. Qd2 h5 9. O-O-O Nbd7 10. Kb1 b5 11. Bg5 Bb7 12. Nb3 Rc8 13. Bd3 Qc7 14. Rhe1 Nb6 15. f4 Nh7 16. Bh4 Bxc3 17. Qxc3 Qxc3 18. bxc3 Na4 19. Rd2 Nxc3+ 20. Ka1 Rc7 21. e5 d5 22. Nd4 e6 23. h3 Kd7 24. Rf2 Ne4 25. Rf3 Kc8 26. Re2 Kb8 27. Be1 Nf8 28. Bb4 Nd7 29. Re1 Ndc5 30. Rfe3 Rcc8 31. Nf3 Nxd3 32. cxd3 Ng3 33. Nd4 Nf5 34. Nxf5 gxf5 35. d4 Rhg8 36. R3e2 Rc4 37. Bc5 Kc7 38. Kb2 Kc6 39. Rf1 a5 40. a3 Ba6 41. Rf3 b4 42. Rd2 Rxc5 43. dxc5 Bc4 44. Re3 Kxc5 45. axb4+ Kxb4 46. g4 hxg4 47. Rg3 a4 48. Rdg2 d4 49. hxg4 fxg4 50. Rxg4 a3+ 51. Ka1 Rh8 52. Rg1 d3 53. Rg7 Rf8 54. Rb1+ Kc3 55. Rc1+ Kd4 56. Rg4 Bb3 57. f5+ Kxe5 0-1

[Event "III Copa Marcel Duchamp 2019"]
[Site "Montevideo"]
[Date "2019.02.11"]
[Round "4.16"]
[White "Rupel, David"]
[Black "Larrea, Manuel"]
[Result "1-0"]
[ECO "D35"]
[WhiteElo "1953"]
[BlackElo "2269"]
[Annotator "NA"]
[PlyCount "32"]
[EventDate "2019.02.09"]
[EventType "swiss"]
[EventCountry "URU"]
[SourceTitle "playchess.com"]
[Source "ChessBase"]
[SourceQuality "1"]
[TimeControl "5400+30"]

1. d4 Nf6 2. c4 e6 3. Nc3 d5 4. cxd5 exd5 5. Bg5 c6 6. e3 Bd6 7. Bd3 Nbd7 8. Nge2 Nf8 9. Bh4 Ng6 10. Bg3 O-O 11. Qc2 Re8 12. Bxd6 Qxd6 13. Ng3 b6 14. O-O Nh4 15. e4 dxe4 16. Ngxe4 Re7 1-0

[Event "III Copa Marcel Duchamp 2019"]
[Site "Montevideo"]
[Date "2019.02.11"]
[Round "4.16"]
[White "Rupel, David"]
[Black "Larrea, Manuel"]
[Result "*"]
[ECO "D35"]
[WhiteElo "1953"]
[BlackElo "2269"]
[Annotator "NA RC"]
[PlyCount "107"]
[EventDate "2019.02.09"]
[EventType "swiss"]
[EventCountry "URU"]
[SourceTitle "playchess.com"]
[Source "ChessBase"]
[SourceQuality "1"]
[TimeControl "5400+30"]

1. d4 Nf6 2. c4 e6 3. Nc3 d5 4. cxd5 exd5 5. Bg5 c6 6. e3 Bd6 7. Bd3 Nbd7 8. Nge2 Nf8 9. Bh4 Ng6 10. Bg3 O-O 11. Qc2 Re8 12. Bxd6 Qxd6 13. Ng3 b6 14. O-O Nh4 15. e4 dxe4 16. Ncxe4 Nxe4 17. Bxe4 Bd7 18. Bxh7+ Kh8 19. Be4 g6 20. Qc3 Kg8 21. Rfe1 Re7 22. Re3 Rae8 23. Rae1 Qf6 24. Bc2 Qg5 25. Rxe7 Rxe7 26. Rxe7 Qxe7 27. Qe3 Qxe3 28. fxe3 Be6 29. Ne2 Nf5 30. Kf2 Nd6 31. b3 Kg7 32. e4 f6 33. Ke3 g5 34. Ng3 Nb5 35. a4 Nc7 36. Ne2 Kf7 37. g3 Na6 38. h4 Nb4 39. Bd1 Kg6 40. Nc3 a6 41. h5+ Kh6 42. g4 Kg7 43. Nb1 a5 44. Nd2 Kf7 45. Nc4 Bxc4 46. bxc4 c5 47. d5 Na6 48. e5 fxe5 49. Ke4 Kf6 50. h6 Nb8 51. h7 Kg7 52. Kxe5 Kxh7 53. Ke6 Kg7 54. Ke7 *

[Event "III Copa Marcel Duchamp 2019"]
[Site "Montevideo"]
[Date "2019.02.11"]
[Round "4.17"]
[White "Carbone, Diego"]
[Black "Suarez, Pedro"]
[Result "1-0"]
[ECO "A40"]
[WhiteElo "2256"]
[BlackElo "1950"]
[Annotator "NA"]
[PlyCount "61"]
[EventDate "2019.02.09"]
[EventType "swiss"]
[EventCountry "URU"]
[SourceTitle "playchess.com"]
[Source "ChessBase"]
[SourceQuality "1"]
[TimeControl "5400+30"]

1. d4 Nf6 2. c4 e6 3. g3 b6 4. Bg2 d5 5. Nf3 Be7 6. Qa4+ Qd7 7. Qc2 c5 8. Ne5 Qc7 9. Bf4 Bd6 10. Nc3 a6 11. Qa4+ b5 12. cxb5 Nbd7 13. Nxd7 Bxd7 14. Bxd6 Qxd6 15. Qa3 Qb8 16. dxc5 axb5 17. Qb4 O-O 18. O-O Rc8 19. Rfc1 Ra7 20. Nd1 Rac7 21. Qd4 b4 22. Rc2 Qb5 23. Rac1 Be8 24. e3 Nd7 25. Bf1 Qa5 26. c6 Nb8 27. Rc5 Qxa2 28. Qxb4 Rxc6 29. Rxc6 Nxc6 30. Qb6 Qa7 31. Rxc6 1-0

[Event "III Copa Marcel Duchamp 2019"]
[Site "Montevideo"]
[Date "2019.02.11"]
[Round "4.18"]
[White "Dotta, Gian Franco"]
[Black "Coppola, Claudio"]
[Result "1/2-1/2"]
[ECO "B78"]
[WhiteElo "1896"]
[BlackElo "2209"]
[Annotator "NA"]
[PlyCount "69"]
[EventDate "2019.02.09"]
[EventType "swiss"]
[EventCountry "URU"]
[SourceTitle "playchess.com"]
[Source "ChessBase"]
[SourceQuality "1"]
[TimeControl "5400+30"]

1. e4 c5 2. Nf3 d6 3. d4 cxd4 4. Nxd4 Nf6 5. Nc3 g6 6. Be3 Bg7 7. f3 O-O 8. Qd2 Nc6 9. Bc4 Bd7 10. O-O-O Rc8 11. Bb3 Ne5 12. h4 h5 13. Bg5 Rc5 14. Kb1 Re8 15. Bh6 Nc4 16. Bxc4 Rxc4 17. Bxg7 Kxg7 18. g4 hxg4 19. h5 Rh8 20. hxg6 fxg6 21. f4 e5 22. Nde2 Rxh1 23. Rxh1 Nxe4 24. Nxe4 Rxe4 25. fxe5 Rxe2 26. Qh6+ Kf7 27. Qh7+ Ke6 28. Qxg6+ Kxe5 29. Rh5+ Kf4 30. Qxd6+ Kf3 31. Qd3+ Re3 32. Qf1+ Ke4 33. Qc4+ Kf3 34. Qf1+ Ke4 35. Qc4+ {Ke5} 1/2-1/2

[Event "III Copa Marcel Duchamp 2019"]
[Site "Montevideo"]
[Date "2019.02.11"]
[Round "4.19"]
[White "El Ters, Antouan"]
[Black "Durante, Aurelio"]
[Result "1-0"]
[ECO "B32"]
[WhiteElo "2205"]
[BlackElo "1941"]
[Annotator "NA"]
[PlyCount "89"]
[EventDate "2019.02.09"]
[EventType "swiss"]
[EventCountry "URU"]
[SourceTitle "playchess.com"]
[Source "ChessBase"]
[SourceQuality "1"]
[TimeControl "5400+30"]

1. e4 c5 2. Nf3 Nc6 3. d4 cxd4 4. Nxd4 e5 5. Nb5 a6 6. Nd6+ Bxd6 7. Qxd6 Qf6 8. Qd2 Nge7 9. b3 O-O 10. Ba3 Rd8 11. Nc3 b5 12. Nd5 Nxd5 13. exd5 Nd4 14. c3 Nf5 15. g3 Bb7 16. Bg2 Rac8 17. O-O Qb6 18. Qg5 g6 19. Rfc1 f6 20. Qd2 Nd6 21. Kh1 Re8 22. Re1 Nf7 23. Rac1 d6 24. Kg1 Rc7 25. c4 Rec8 26. Bf1 Ng5 27. Kg2 e4 28. Qf4 Nf3 29. Rxe4 Ne5 30. Qxf6 Rf7 31. c5 Rxf6 32. cxb6 Rxc1 33. Bxc1 Bxd5 34. f3 Bxe4 35. fxe4 Rf7 36. a4 Rb7 37. Be3 Nd7 38. a5 Nb8 39. b4 Kf7 40. Kf3 Re7 41. Bf4 Rd7 42. Bh3 Rd8 43. b7 Kf6 44. Bc8 g5 45. Be3 1-0

[Event "III Copa Marcel Duchamp 2019"]
[Site "Montevideo"]
[Date "2019.02.11"]
[Round "4.21"]
[White "Benoit, Rodrigo"]
[Black "Avedisian, Alexander"]
[Result "1-0"]
[ECO "D71"]
[WhiteElo "2189"]
[BlackElo "1921"]
[Annotator "NA"]
[PlyCount "59"]
[EventDate "2019.02.09"]
[EventType "swiss"]
[EventCountry "URU"]
[SourceTitle "playchess.com"]
[Source "ChessBase"]
[SourceQuality "1"]
[TimeControl "5400+30"]

1. c4 g6 2. d4 Nf6 3. g3 Bg7 4. Bg2 O-O 5. e4 d6 6. Ne2 Na6 7. O-O e5 8. Nbc3 exd4 9. Nxd4 Bg4 10. f3 Bd7 11. Be3 Re8 12. Re1 Nc5 13. Qd2 Ne6 14. Nc2 a5 15. b3 Bc6 16. Rac1 Nd7 17. Nd5 Ne5 18. h3 a4 19. f4 axb3 20. axb3 Nd7 21. b4 Bh6 22. Ra1 Rxa1 23. Rxa1 Nb6 24. Nxb6 cxb6 25. b5 Bxe4 26. Bxe4 Nxf4 27. Bxf4 g5 28. Qxd6 Qxd6 29. Bxd6 Rxe4 30. Nd4 1-0

[Event "III Copa Marcel Duchamp 2019"]
[Site "Montevideo"]
[Date "2019.02.11"]
[Round "4.22"]
[White "Trois, Francisco R.T."]
[Black "Hart, Alexander"]
[Result "1-0"]
[ECO "A06"]
[WhiteElo "2152"]
[BlackElo "1881"]
[Annotator "NA"]
[PlyCount "53"]
[EventDate "2019.02.09"]
[EventType "swiss"]
[EventCountry "URU"]
[SourceTitle "playchess.com"]
[Source "ChessBase"]
[SourceQuality "1"]
[TimeControl "5400+30"]

1. g3 d5 2. Nf3 Bg4 3. Bg2 Nd7 4. c4 e6 5. cxd5 exd5 6. h3 Bf5 7. Nc3 c6 8. O-O Ngf6 9. d3 Be7 10. Qc2 O-O 11. e4 dxe4 12. dxe4 Be6 13. Rd1 Qc8 14. Nd4 Nc5 15. Kh2 Rd8 16. b3 Na6 17. Be3 Nb4 18. Qe2 a5 19. Rac1 Na6 20. Na4 Ba3 21. Nb6 Qb8 22. Rb1 Ra7 23. Nxe6 fxe6 24. Rxd8+ Qxd8 25. e5 Ne8 26. Rd1 Qe7 27. Nc8 1-0

[Event "III Copa Marcel Duchamp 2019"]
[Site "Montevideo"]
[Date "2019.02.11"]
[Round "4.23"]
[White "Ruggiero, Alvaro"]
[Black "Munoz Perez, Rolando"]
[Result "0-1"]
[ECO "C41"]
[WhiteElo "1869"]
[BlackElo "2130"]
[Annotator "NA"]
[PlyCount "50"]
[EventDate "2019.02.09"]
[EventType "swiss"]
[EventCountry "URU"]
[SourceTitle "playchess.com"]
[Source "ChessBase"]
[SourceQuality "1"]
[TimeControl "5400+30"]

1. e4 e5 2. Bc4 d6 3. Nf3 Be7 4. c3 Nf6 5. Qb3 O-O 6. d3 c6 7. Bg5 b5 8. Bxf6 Bxf6 9. Bxb5 cxb5 10. Qd5 Qb6 11. Na3 a6 12. O-O Nc6 13. Qb3 Be6 14. Qc2 d5 15. Nd2 Rac8 16. exd5 Bxd5 17. c4 Nd4 18. Qd1 Bb7 19. b3 Rfd8 20. Rc1 Ne6 21. cxb5 axb5 22. Rxc8 Bxc8 23. Ne4 Be7 24. Nc2 Bb7 25. Qe2 Nf4 0-1

[Event "III Copa Marcel Duchamp 2019"]
[Site "Montevideo"]
[Date "2019.02.11"]
[Round "4.24"]
[White "Baudel, Simon"]
[Black "Sosa Macho, Juan Manuel"]
[Result "0-1"]
[ECO "A02"]
[WhiteElo "1847"]
[BlackElo "2079"]
[Annotator "NA"]
[PlyCount "58"]
[EventDate "2019.02.09"]
[EventType "swiss"]
[EventCountry "URU"]
[SourceTitle "playchess.com"]
[Source "ChessBase"]
[SourceQuality "1"]
[TimeControl "5400+30"]

1. f4 c5 2. Nf3 Nc6 3. g3 g6 4. Bg2 Bg7 5. c3 e6 6. d3 d5 7. O-O Nge7 8. e4 O-O 9. Na3 Rb8 10. Nc2 b5 11. Rb1 a5 12. Qe1 b4 13. Bd2 Ba6 14. exd5 exd5 15. Qe2 Re8 16. Rfe1 a4 17. c4 b3 18. axb3 Rxb3 19. Ne5 Nxe5 20. fxe5 dxc4 21. dxc4 Qb6 22. Bc3 Qe6 23. Ne3 Bxe5 24. Nd5 Nxd5 25. Bxd5 Bd4+ 26. Bxd4 Qxe2 27. Rxe2 Rxe2 28. Rf1 cxd4 29. Rxf7 Kh8 0-1

[Event "III Copa Marcel Duchamp 2019"]
[Site "Montevideo"]
[Date "2019.02.11"]
[Round "4.25"]
[White "Meza, Anahi"]
[Black "Pena Canapa, Alfredo"]
[Result "1-0"]
[ECO "A58"]
[WhiteElo "2058"]
[BlackElo "1867"]
[Annotator "NA"]
[PlyCount "75"]
[EventDate "2019.02.09"]
[EventType "swiss"]
[EventCountry "URU"]
[SourceTitle "playchess.com"]
[Source "ChessBase"]
[SourceQuality "1"]
[TimeControl "5400+30"]

1. d4 Nf6 2. c4 c5 3. d5 b5 4. cxb5 a6 5. bxa6 g6 6. Nc3 Bg7 7. Nf3 O-O 8. g3 d6 9. Bg2 Bxa6 10. O-O Nbd7 11. Rb1 Qc7 12. b3 Rfb8 13. Re1 Ng4 14. Bd2 Nge5 15. Nxe5 Nxe5 16. a4 Qb6 17. h3 Bc8 18. Ne4 Bf5 19. g4 Bxe4 20. Bxe4 Nd7 21. Bd3 Nf6 22. e4 Nd7 23. Bb5 Ra7 24. Be3 Bc3 25. Rf1 Qa5 26. Qc2 Rc7 27. Rfc1 Bb4 28. Qe2 Nf6 29. Bf4 Bc3 30. Qd3 Bd4 31. Be3 Bxe3 32. Qxe3 Qb4 33. Rc4 Qa5 34. Rbc1 Rbc8 35. Qg5 Qa7 36. e5 Nxd5 37. exd6 Nb6 38. dxc7 1-0

[Event "III Copa Marcel Duchamp 2019"]
[Site "Montevideo"]
[Date "2019.02.11"]
[Round "4.27"]
[White "Visillac, Alejandro"]
[Black "Vazquez, Facundo"]
[Result "0-1"]
[ECO "C00"]
[WhiteElo "1803"]
[BlackElo "2019"]
[Annotator "NA"]
[PlyCount "80"]
[EventDate "2019.02.09"]
[EventType "swiss"]
[EventCountry "URU"]
[SourceTitle "playchess.com"]
[Source "ChessBase"]
[SourceQuality "1"]
[TimeControl "5400+30"]

1. e4 e6 2. d3 d5 3. Nd2 c5 4. Ngf3 Nf6 5. g3 Nc6 6. Bg2 g6 7. O-O Bg7 8. Re1 O-O 9. c3 a5 10. e5 Ng4 11. d4 cxd4 12. cxd4 f6 13. Bh3 h5 14. Qc2 fxe5 15. Qxg6 Qe8 16. Qxe8 Rxe8 17. dxe5 Ngxe5 18. Nxe5 Nxe5 19. Rb1 Nd3 20. Rf1 e5 21. Bg2 e4 22. b3 Bc3 23. h4 Kg7 24. Rd1 Bd4 25. Nxe4 dxe4 26. Be3 Bxe3 27. fxe3 Bg4 28. Rd2 Bf5 29. Rf1 Bg6 30. Bh3 Rf8 31. Rc2 Rxf1+ 32. Bxf1 Rf8 33. Rc4 Rf3 34. Rc7+ Rf7 35. Rc4 b5 36. Rd4 Rf3 37. Rd7+ Kh6 38. Rd6 Rxg3+ 39. Kh2 Rxe3 40. Bh3 Kg7 0-1

[Event "III Copa Marcel Duchamp 2019"]
[Site "Montevideo"]
[Date "2019.02.11"]
[Round "4.28"]
[White "Rey Besada, Fernando"]
[Black "Gaye, Gustavo"]
[Result "0-1"]
[ECO "B06"]
[WhiteElo "2135"]
[BlackElo "1984"]
[Annotator "NA"]
[PlyCount "38"]
[EventDate "2019.02.09"]
[EventType "swiss"]
[EventCountry "URU"]
[SourceTitle "playchess.com"]
[Source "ChessBase"]
[SourceQuality "1"]
[TimeControl "5400+30"]

1. e4 g6 2. d4 Bg7 3. Nc3 c5 4. Nf3 cxd4 5. Nxd4 Nc6 6. Be3 Nf6 7. f3 O-O 8. Qd2 d5 9. exd5 Nxd5 10. Nxd5 Qxd5 11. Nxc6 Qxc6 12. Rb1 Be6 13. a3 Ba2 14. Rd1 Bxb2 15. Bd4 Rfd8 16. Bxb2 Rxd2 17. Rxd2 Bc4 18. Be2 Bxe2 19. Rxe2 Qb6 0-1

[Event "III Copa Marcel Duchamp 2019"]
[Site "Montevideo"]
[Date "2019.02.11"]
[Round "4.29"]
[White "Sarquis, Maria Belen"]
[Black "Vinella, Marcelo"]
[Result "1-0"]
[ECO "B01"]
[WhiteElo "2164"]
[BlackElo "1698"]
[Annotator "NA"]
[PlyCount "47"]
[EventDate "2019.02.09"]
[EventType "swiss"]
[EventCountry "URU"]
[SourceTitle "playchess.com"]
[Source "ChessBase"]
[SourceQuality "1"]
[TimeControl "5400+30"]

1. e4 d5 2. exd5 Qxd5 3. Nc3 Qd6 4. d4 Nf6 5. Nf3 c6 6. g3 Bg4 7. Bg2 e6 8. O-O Qc7 9. h3 Bh5 10. g4 Bg6 11. Ne5 Nbd7 12. Bf4 Bd6 13. Re1 O-O-O 14. Qf3 Nd5 15. Bg3 N7f6 16. a3 Ne7 17. b4 h5 18. b5 hxg4 19. hxg4 Nfd5 20. bxc6 bxc6 21. Nxd5 exd5 22. Re3 f6 23. Nxg6 Nxg6 24. Qf5+ 1-0

[Event "III Copa Marcel Duchamp 2019"]
[Site "Montevideo"]
[Date "2019.02.11"]
[Round "4.30"]
[White "Barandiaran, Gabriel"]
[Black "Granara Barreto, Sebastian"]
[Result "0-1"]
[ECO "A05"]
[WhiteElo "1836"]
[BlackElo "2134"]
[Annotator "NA"]
[PlyCount "36"]
[EventDate "2019.02.09"]
[EventType "swiss"]
[EventCountry "URU"]
[SourceTitle "playchess.com"]
[Source "ChessBase"]
[SourceQuality "1"]
[TimeControl "5400+30"]

1. Nf3 Nf6 2. g3 b6 3. Bg2 Bb7 4. O-O e6 5. d4 c5 6. b3 d5 7. Bb2 Nbd7 8. c3 Be7 9. Nbd2 O-O 10. Rc1 Rc8 11. e3 Qc7 12. c4 Qb8 13. Qe2 Bd6 14. Rfd1 Rfe8 15. e4 dxe4 16. Ng5 e3 17. Qxe3 cxd4 18. Qxd4 Be5 0-1

[Event "III Copa Marcel Duchamp 2019"]
[Site "Montevideo"]
[Date "2019.02.11"]
[Round "4.31"]
[White "Guerrero, Alvaro"]
[Black "Aguerre, Valentin"]
[Result "1-0"]
[ECO "D15"]
[WhiteElo "2096"]
[BlackElo "1694"]
[Annotator "NA"]
[PlyCount "59"]
[EventDate "2019.02.09"]
[EventType "swiss"]
[EventCountry "URU"]
[SourceTitle "playchess.com"]
[Source "ChessBase"]
[SourceQuality "1"]
[TimeControl "5400+30"]

1. d4 d5 2. c4 c6 3. Nf3 Nf6 4. Nc3 a6 5. e3 b5 6. b3 Bf5 7. Be2 e6 8. O-O Nbd7 9. Bb2 Be7 10. Nh4 Ne4 11. Nxf5 exf5 12. Qc2 Ndf6 13. cxd5 cxd5 14. Nxe4 fxe4 15. Qc6+ Kf8 16. a4 bxa4 17. Rxa4 a5 18. Rfa1 Rc8 19. Qa6 Ra8 20. Qb5 Rb8 21. Qxa5 Qxa5 22. Rxa5 Rxb3 23. Ra8+ Ne8 24. Bd1 Rb4 25. Bc3 Rc4 26. Ba4 Rxa4 27. R1xa4 f5 28. R4a5 Kf7 29. Rxd5 Nf6 30. Rda5 1-0

[Event "III Copa Marcel Duchamp 2019"]
[Site "Montevideo"]
[Date "2019.02.11"]
[Round "4.32"]
[White "Lanaro, Emilio"]
[Black "Pichuaga, Juan Pablo"]
[Result "0-1"]
[ECO "B00"]
[WhiteElo "1696"]
[BlackElo "2027"]
[Annotator "NA"]
[PlyCount "66"]
[EventDate "2019.02.09"]
[EventType "swiss"]
[EventCountry "URU"]
[SourceTitle "playchess.com"]
[Source "ChessBase"]
[SourceQuality "1"]
[TimeControl "5400+30"]

1. e4 d6 2. d4 e5 3. dxe5 dxe5 4. Qxd8+ Kxd8 5. Nc3 Be6 6. Bg5+ f6 7. O-O-O+ Nd7 8. Be3 c6 9. g3 Kc7 10. f4 Bd6 11. Bh3 Bxh3 12. Nxh3 b6 13. Rd2 Ne7 14. Rhd1 Nc8 15. Nb1 Re8 16. Nf2 Re7 17. Na3 b5 18. Nb1 Bb4 19. Nc3 Bxc3 20. bxc3 Ncb6 21. Bxb6+ axb6 22. Kb2 Ra4 23. fxe5 fxe5 24. Nh3 h6 25. Nf2 Nc5 26. Re1 Re8 27. Rdd1 Rea8 28. Ra1 Kd6 29. Re2 Ke6 30. Ree1 Rf8 31. Re2 Rc4 32. Rae1 Na4+ 33. Kb1 Nxc3+ 0-1